 Dungeon Crawl Stone Soup version 0.19.5 (webtiles) character file.

129 Chiyo1994 the Skirmisher (level 4, -7/60 HPs)
             Began as a Draconian Berserker on Apr 10, 2017.
             Was a Believer of Trog.
             Shot with an arrow by a centaur (11 damage)
             ... on level 5 of the Dungeon.
             The game lasted 00:15:31 (3178 turns).

Chiyo1994 the Skirmisher (Draconian Berserker)      Turns: 3178, Time: 00:15:33

Health: -7/60      AC:  6    Str: 25    XL:     4   Next: 88%
Magic:  4/4        EV: 13    Int:  7    God:    Trog [**....]
Gold:   153        SH:  0    Dex: 11    Spells: 0 memorised, 3 levels left

rFire  . . .     SeeInvis .     m - +1 morningstar (protect)
rCold  . . .     Gourm    .     (armour unavailable)
rNeg   . . .     Faith    .     (no shield)
rPois  .         Spirit   .     (helmet restricted)
rElec  .         Reflect  .     u - +0 cloak (curse)
rCorr  +         Harm     .     (no gloves)
MR     .....                    (no boots)
Stlth  ..........               (no amulet)
                                (no ring)
                                d - ring of resist corrosion

@: berserking, very quick
A: unfitting armour, cold-blooded, AC +5
a: Berserk, Trog's Hand, Burn Spellbooks, Renounce Religion


You were on level 5 of the Dungeon.
You worshipped Trog.
Trog was pleased with you.
You were very hungry.

You visited 1 branch of the dungeon, and saw 5 of its levels.

You collected 153 gold pieces.

Inventory:

Hand Weapons
 a - a +0 short sword
 h - a +0 hand axe
 i - a +0 dagger
 m - a +1 morningstar of protection (weapon)
Missiles
 f - 17 bolts (quivered)
 r - 20 arrows
Armour
 u - a cursed +0 cloak (worn)
Jewellery
 d - a ring of resist corrosion (left hand)
 p - an uncursed amulet of regeneration {unknown}
Scrolls
 k - 3 scrolls of enchant armour
 l - 3 scrolls of identify
 s - a scroll of fear
 t - a scroll of remove curse
Potions
 e - a potion of might {unknown}
 g - 2 potions of brilliance {unknown}
 n - a potion of flight {unknown}
 o - a potion of cure mutation {unknown}
 q - 2 potions of heal wounds {unknown}
Comestibles
 b - 6 bread rations
 c - 5 meat rations
 j - a royal jelly
 v - a beef jerky
 w - 7 chunks of flesh


   Skills:
 + Level 4.0 Fighting
 + Level 3.5 Short Blades
 + Level 0.4(1.3) Axes
 + Level 2.0(2.1) Maces & Flails
 + Level 3.6 Dodging
 + Level 0.4 Stealth


You had 3 spell levels left.
You didn't know any spells.

Dungeon Overview and Level Annotations

Branches:
Dungeon (5/15)
 Temple: D:4-7

Altars:
Trog


Innate Abilities, Weirdness & Mutations

Your plain brown scales are hard. (AC +5)
You cannot fit into any form of body armour.
You are cold-blooded and may be slowed by cold attacks.


Message History

You see here an arrow.
A centaur is nearby!
A centaur is nearby!
A centaur is nearby!
A centaur is nearby!
A centaur is nearby!
A centaur is nearby!
The centaur shoots an arrow.
The arrow hits you.
* * * LOW HITPOINT WARNING * * *
You see here an arrow.
The centaur shoots an arrow.
The arrow hits you!
* * * LOW HITPOINT WARNING * * *
You see here an arrow.
A red film seems to cover your vision as you go berserk!
You feel yourself moving faster!
You feel mighty!
You are feeling very hungry.
The centaur shoots an arrow.
The arrow hits you.
* * * LOW HITPOINT WARNING * * *
The centaur shoots an arrow.
The arrow hits you!
You die...

#.........## #..
...........#
#########....
...........#
#....c.....
...........##
#c....#
............#
###(..#
...........##
##.c####
#.......<..# ###..##
#..........# ##.(.##
#.........#.###.@###
##.......###....##
#.......# ##..##
####...## #.#...#
##### #.#.### #.###
#.## #..# ##.#


You could see a centaur.

Vanquished Creatures
  A worker ant (D:5)
  A worker ant zombie (D:3)
  3 adders (D:3)
  An ooze (D:4)
  A worm (D:4)
  A dart slug (D:3)
  3 leopard geckos
  6 orcs
  2 giant cockroaches
  7 goblins
  3 hobgoblins
  3 jackals (D:2)
  2 quokkas
  A ball python (D:5)
  2 bats (D:1)
  2 frilled lizards
  6 kobolds
  6 rats
51 creatures vanquished.

Notes
Turn   | Place    | Note
-------+----------+-------------------------------------------
     0 | D:1      | Chiyo1994 the Draconian Berserker began the quest for the Orb.
     0 | D:1      | Reached XP level 1. HP: 19/19 MP: 1/1
   427 | D:1      | Reached XP level 2. HP: 26/26 MP: 2/2
   886 | D:2      | Reached ** piety under Trog
   929 | D:2      | Found a bloodstained altar of Trog.
  1533 | D:2      | Reached XP level 3. HP: 30/33 MP: 3/3
  2243 | D:3      | Reached XP level 4. HP: 35/40 MP: 4/4
  2300 | D:3      | Reached skill level 1 in Maces & Flails
  3058 | D:5      | Entered Level 5 of the Dungeon
  3115 | D:5      | Reached skill level 4 in Fighting
  3172 | D:5      | Noticed a centaur
  3178 | D:5      | Shot with an arrow by a centaur

Skill      XL: |  1  2  3  4 |
---------------+-------------+-----
Dodging        | 3 |  3.6
Maces & Flails | 2 |  2.0
Fighting       | 4 |  4.0
Short Blades   | |  3.5
Axes           | |  0.4
Stealth        | |  0.4

Action                   |  1- 3 |  4- 6 || total
-------------------------+-------+-------++-------
Melee: Short sword       |    67 |       ||    67
       Tailslap          |    16 |     8 ||    24
       Morningstar       |    51 |    45 ||    96
       Hand axe          |     7 |       ||     7
Invok: Berserk           |     1 |     1 ||     2
  Use: Scroll            |       |     6 ||     6
  Eat: Chunk             |     1 |     1 ||     2
       Bread ration      |     1 |       ||     1
       Beef jerky        |       |     1 ||     1
Armor: Skin              |    45 |    35 ||    80
Dodge: Dodged            |   103 |    64 ||   167
